 Dungeon Crawl Stone Soup version 0.30-a0-576-g89cddaab80 (webtiles) character file.

Game seed: 9432002735035159200

1041 OTABOTABOTAB the Ducker (level 8, 0/59 HPs)
             Began as a Djinni Fire Elementalist on Dec 31, 2022.
             Slain by a necrophage (6 damage)
             ... on level 5 of the Dungeon.
             The game lasted 00:13:16 (3927 turns).

OTABOTABOTAB the Ducker (Djinni Fire Elementalist)  Turns: 3927, Time: 00:13:17

Health: 0/59       AC:  4    Str: 13    XL:     8   Next: 49%
Gold:   154        EV: 16    Int: 18    God:
                   SH:  0    Dex: 21

rFire   + + .      SeeInvis .    d - +0 dagger
rCold   x . .      Faith    .    (no shield)
rNeg    . . .      Spirit   .    a - +0 robe
rPois   ∞          Reflect  .    g - +0 helmet
rElec   .          Harm     .    p - +0 cloak {Stlth+}
rCorr   .          Rampage  .    (no gloves)
Will    .....                    (boots unavailable)
Stlth   +++                      (no amulet)
HPRegen 0.29/turn                h - +6 ring of dexterity
MPRegen 0.00/turn                e - +6 ring of strength

@: flying
A: sickness immunity, fire resistance 2, cold vulnerability 1, float, innate
caster, HP casting, extra vitality 1
a: no special abilities


You were on level 5 of the Dungeon.
You visited 1 branch of the dungeon, and saw 5 of its levels.

You collected 154 gold pieces.

Inventory:

Hand Weapons
 d - a +0 dagger (weapon)
   (You took it off a kobold on level 1 of the Dungeon)
Missiles
 m - 2 boomerangs
 r - 3 atropa-tipped darts
 s - a stone (quivered)
 D - 2 silver javelins
Armour
 a - a +0 robe (worn)
 g - a +0 helmet (worn)
   (You found it on level 1 of the Dungeon)
 p - a +0 cloak of stealth (worn)
   (You took it off Crazy Yiuf on level 2 of the Dungeon)
Jewellery
 e - a +6 ring of strength (right hand)
   (You found it on level 1 of the Dungeon)
 f - a ring of fire {rF+, rC-}
   (You found it on level 1 of the Dungeon)
 h - a +6 ring of dexterity (left hand)
   (You found it on level 1 of the Dungeon)
 W - a ring of willpower
   (You found it on level 4 of the Dungeon)
Wands
 j - a wand of polymorph (7)
   (You took it off Crazy Yiuf on level 2 of the Dungeon)
 q - a wand of flame (4)
   (You took it off Natasha on level 2 of the Dungeon)
Scrolls
 b - 3 scrolls of identify {unknown}
 c - a scroll of immolation {unknown}
 l - 2 scrolls of magic mapping {unknown}
 u - a scroll of vulnerability {unknown}
 v - 3 scrolls of teleportation {unknown}
 w - 2 scrolls of noise {unknown}
 x - a scroll of enchant weapon {unknown}
 y - 2 scrolls of amnesia {unknown}
 z - a scroll of blinking {unknown}
 A - a scroll of poison {unknown}
 B - a scroll of silence {unknown}
 C - a scroll of fog {unknown}
Potions
 i - 2 potions of might
 k - 3 potions of mutation {unknown}
 n - a potion of heal wounds {unknown}
 o - a potion of brilliance {unknown}
 t - 2 potions of resistance {unknown}
 J - a potion of curing {@q1}
 M - 2 potions of magic


   Skills:
 + Level 5.0 Fighting
 + Level 6.0 Dodging
 - Level 1.5 Stealth
 + Level 5.0 Spellcasting


You couldn't memorise any spells.
You knew the following spells:

 Your Spells              Type           Power      Damage    Failure   Level
a - Foxfire               Conj/Fire      88%        2x1d8     1%          1
b - Scorch                Fire           44%        2d7       2%          2
c - Kindle Blastsparks    Fire/Tloc/Air  44%        2d13      4%          3
d - Inner Flame           Hex/Fire       22%        N/A       4%          3
e - Flame Wave            Conj/Fire      22%        2d8       17%         4
f - Kiss of Death         Conj/Necr      88%        2d12      1%          1
g - Searing Ray           Conj           44%        2d6       2%          2
h - Frozen Ramparts       Ice            44%        1d7       4%          3
Your spell library was empty.

Dungeon Overview and Level Annotations

Branches:
Dungeon (5/15)
 Temple: D:4-7

Altars:
Cheibriados

Shops:
D:2 [


Innate Abilities, Weirdness & Mutations

You are immune to sickness and miasma.
You are immune to poison.
Your flesh is very heat resistant. (rF++)
You are vulnerable to cold. (rC-)
You float through the air rather than walking.
You learn spells naturally, not from books.
Your magical power is your life essence.
You have superior vitality. (+4 MHP)


Message History

You conjure some foxfire!
Flames lash the orc.
You kill the orc!
You take 2 damage, and have 55/58 hp.
Things that are here:
a +0 short sword; a +0 ring mail
i - 2 potions of magic (gained 1);
M - 2 potions of magic
i - 2 potions of might You reach down and open the door.
An ogre, 2 orcs, 2 scorpions and a necrophage come into view.
Health restored: 58 Unknown command.
Okay, then.
Unknown command.
You conjure some foxfire!
You take 1 damage, and have 57/58 hp.
You conjure some foxfire!
The foxfire hits the scorpion but does no damage.
The foxfire hits the scorpion.
You take 1 damage, and have 56/58 hp.
You conjure some foxfire!
The foxfire hits the scorpion. x2
You conjure some foxfire!
The orc priest shouts!
The foxfire hits the scorpion but does no damage. x2
You take 1 damage, and have 55/58 hp.
Flames lash the scorpion.
The scorpion's fire resistance burns away.
You hear a shout!
You hear an angry growl.
The foxfire hits the scorpion.
The scorpion is burned terribly!
The foxfire hits the scorpion.
The scorpion stings you.
A black bear comes into view.
An iguana comes into view.
You take 3 damage, and have 52/58 hp.
Flames lash the scorpion.
The scorpion's fire resistance burns away.
The iguana hisses angrily.
The scorpion closely misses you. The scorpion stings you.
The scorpion closely misses you.
You take 7 damage, and have 45/58 hp.
Flames lash the scorpion.
The scorpion is burned terribly!
You kill the scorpion!
The scorpion stings you.
You take 5 damage, and have 40/58 hp.
Flames lash the scorpion.
The scorpion is burned terribly!
You kill the scorpion!
You take 2 damage, and have 38/58 hp.
The orc attacks as you move away! The orc misses you.
Flames lash the ogre.
The ogre's fire resistance burns away.
The orc barely misses you.
You take 2 damage, and have 37/58 hp.
Flames lash the ogre.
The ogre is burned terribly!
The orc hits you with a +0 hand axe. The necrophage completely misses you.
You take 4 damage, and have 33/58 hp.
The orc attacks as you move away! The orc hits you with a +0 hand axe.
You take 2 damage, and have 31/58 hp.
You conjure some foxfire!
The orc hits you with a +0 hand axe!
The orc hits your foxfire with a +0 hand axe.
You take 8 damage, and have 23/58 hp.
The foxfire hits the orc. x2
You kill the orc!
Flames lash the ogre.
The ogre is burned terribly!
You kill the ogre!
Your Fighting skill increases to level 5!
Your Dodging skill increases to level 6!
Your Spellcasting skill increases to level 5!
You take 1 damage, and have 22/59 hp.
Flames lash the necrophage.
The necrophage's fire resistance burns away.
The necrophage hits you but does no damage.
You take 2 damage, and have 20/59 hp.
Flames lash the necrophage.
The necrophage is burned terribly!
The necrophage hits you.
* * * LOW HITPOINT WARNING * * *
You take 6 damage, and have 14/59 hp.
You see here a +0 helmet.
The necrophage attacks as you move away!
The necrophage hits you!
* * * LOW HITPOINT WARNING * * *
You take 7 damage, and have 8/59 hp.
The necrophage attacks as you move away!
The necrophage completely misses you.
Flames lash the black bear.
The black bear's fire resistance burns away.
* * * LOW HITPOINT WARNING * * *
The necrophage completely misses you.
You take 2 damage, and have 6/59 hp.
The black bear attacks as you move away!
The black bear bites you.
* * * LOW HITPOINT WARNING * * *
The black bear misses you.
The black bear claws you but does no damage.
The necrophage is no longer more vulnerable to fire.
Things that are here:
a +0 short sword; a +0 ring mail You take 3 damage, and have 4/59 hp.
The necrophage attacks as you move away!
The necrophage closely misses you.
You see here a +0 leather armour.
The necrophage attacks as you move away!
The necrophage hits you.
You die...

#.......#
#..)....#
#.......#
##<......#
#........#
####........#
#...........#
##.#..########
######@...##
#..lhn.#.##
...#####.####...#
#........##..###
##.#####)#####
###.l# #....#
##....# #.....#


You could see a black bear, a necrophage and an iguana.

Vanquished Creatures
  Sigmund (D:2)
  Edmund (D:4)
  2 ogres
  A phantom (D:4)
  Blork the orc (D:4)
  3 scorpions
  2 hounds (D:4)
  Crazy Yiuf (D:2)
  Natasha (thrice) (D:2)
  7 adders
  2 worms (D:2)
  A dart slug (D:2)
  4 orcs
  9 ball pythons
  8 endoplasms
  4 giant cockroaches (D:1)
  9 goblins
  5 hobgoblins
  3 quokkas
  6 bats
  7 frilled lizards
  6 kobolds
  3 rats
89 creatures vanquished.

Vanquished Creatures (others)
  246 foxfires
246 creatures vanquished.

Grand Total: 335 creatures vanquished

Notes
Turn   | Place    | Note
-------+----------+-------------------------------------------
     0 | D:1      | OTABOTABOTAB the Djinni Fire Elementalist began the quest
                  | for the Orb.
     0 | D:1      | OTABOTABOTAB set off with the following spells memorised:
                  | Foxfire, Scorch, Kindle Blastsparks, Inner Flame, Flame
                  | Wave.
     0 | D:1      | Reached XP level 1. HP: 15/15 MP: 0/0
   177 | D:1      | Reached XP level 2. HP: 19/21 MP: 0/0
   231 | D:1      | Reached skill level 3 in Spellcasting
   381 | D:1      | Reached XP level 3. HP: 23/25 MP: 0/0
   381 | D:1      | Learned a level 1 spell: Kiss of Death
   648 | D:2      | Found Tuorch Qiona's Armour Emporium.
   703 | D:2      | Reached skill level 1 in Fighting
   756 | D:2      | Noticed Sigmund
   764 | D:2      | Killed Sigmund
   765 | D:2      | Reached skill level 2 in Fighting
   765 | D:2      | Reached skill level 3 in Dodging
   765 | D:2      | Reached XP level 4. HP: 20/34 MP: 0/0
   765 | D:2      | Reached XP level 5. HP: 22/39 MP: 0/0
   765 | D:2      | Learned a level 2 spell: Searing Ray
   765 | D:2      | Reached XP level 6. HP: 26/45 MP: 0/0
   979 | D:2      | Found a runed translucent door.
   980 | D:2      | Noticed Crazy Yiuf
  1049 | D:2      | Noticed Natasha
  1061 | D:2      | Killed Natasha
  1212 | D:2      | Found a snail-covered altar of Cheibriados.
  1218 | D:2      | Reached skill level 4 in Dodging
  1267 | D:2      | Noticed Natasha
  1269 | D:2      | Killed Natasha
  1372 | D:2      | Noticed Natasha
  1391 | D:2      | Killed Natasha
  1392 | D:2      | Reached skill level 3 in Fighting
  1576 | D:2      | Reached skill level 4 in Spellcasting
  2025 | D:2      | Killed Crazy Yiuf
  2328 | D:3      | Found a faded altar of an unknown god.
  2523 | D:3      | Reached XP level 7. HP: 41/42 MP: 0/0
  2523 | D:3      | Learned a level 3 spell: Frozen Ramparts
  2856 | D:4      | Noticed Blork the orc
  2867 | D:4      | Killed Blork the orc
  3152 | D:4      | Reached skill level 5 in Dodging
  3185 | D:4      | Reached skill level 4 in Fighting
  3280 | D:4      | Reached XP level 8. HP: 55/58 MP: 0/0
  3431 | D:4      | Noticed Edmund
  3439 | D:4      | Killed Edmund
  3838 | D:5      | Entered Level 5 of the Dungeon
  3910 | D:5      | Reached skill level 5 in Fighting
  3910 | D:5      | Reached skill level 6 in Dodging
  3910 | D:5      | Reached skill level 5 in Spellcasting
  3911 | D:5      | HP: 14/59 [necrophage (5)]
  3919 | D:5      | HP: 4/59 [black bear (3)]
  3927 | D:5      | Slain by a necrophage

Illustrated notes

Levels and vault maps discovered:
D:1:      eino_arrival_tree_alley, layout_rooms
D:2:      layout_basic, basic_altar, serial_shops, shop,
          uniq_crazy_yiuf_cottage, uniq_sigmund, uniq_natasha
D:3:      layout_rooms, chequers_ecumenical_altar_simple_redux, serial_rivers,
          chequers_serial_rivers_micro_c, chequers_serial_rivers_micro_d,
          chequers_serial_rivers_room_b, chequers_serial_rivers_micro_c,
          chequers_serial_rivers_marsh
D:4:      layout_basic, uniq_edmund, uniq_blork_the_orc
D:5:      minmay_opposing_rooms, layout_rooms, chequers_serial_rivers_room_a

Skill      XL: |  1  2  3  4  5  6  7  8 |
---------------+-------------------------+-----
Spellcasting   | 3 4 5 |  5.0
Fighting       | 2 3 4 5 |  5.0
Dodging        | 3 4 5 6 |  6.0
Stealth        | |  1.5

Action                   |  1- 3 |  4- 6 |  7- 9 || total
-------------------------+-------+-------+-------++-------
Melee: Dagger            |       |       |    14 ||    14
Throw: Stone             |     1 |    12 |     8 ||    21
 Cast: Foxfire           |    50 |    59 |    45 ||   154
       Kindle Blastspark |     1 |       |       ||     1
       Scorch            |       |     2 |    27 ||    29
       Kiss of Death     |       |     2 |       ||     2
       Searing Ray       |       |     1 |       ||     1
Armor: Robe              |     3 |       |     8 ||    11
Dodge: Dodged            |     6 |     6 |    30 ||    42

Table legend: (Time is in decaauts)
 A = Elapsed time spent in this place.
 B = Non-inter-level travel time spent in this place.
 C = Inter-level travel time spent in this place.
 D = Time resting spent in this place.
 E = Time spent auto-exploring this place.
 F = Levels seen in this place.
 G = Mean time per level.
                   A        B        C        D        E       F      G
               +--------+--------+--------+--------+--------+-----+--------+
         Total |   3925 |   3769 |    156 |     45 |   3144 |   5 |  785.0 |
       Dungeon |   3925 |   3769 |    156 |     45 |   3144 |   5 |  785.0 |
               +--------+--------+--------+--------+--------+-----+--------+

Top non-repeatable levels by time:
     D:2: 1513 daAuts
     D:4: 1161 daAuts
     D:1: 646 daAuts
     D:3: 515 daAuts
     D:5: 88 daAuts

Table legend:
 A = Kills in this place as a percentage of kills in entire the game.
 B = Kills by you in this place as a percentage of kills by you in the entire game.
 C = Kills by friends in this place as a percentage of kills by friends in the entire game.
 D = Other kills in this place as a percentage of other kills in the entire game.
 E = Experience gained in this place as a percentage of experience gained in the entire game.
 F = Experience gained in this place divided by the number of levels of this place that you have seen.
                   A       B       C       D       E      F
               +-------+-------+-------+-------+-------+----------------------
         Total | 100.0 | 100.0 |   N/A |   N/A | 100.0 | 297.6
       Dungeon | 100.0 | 100.0 |   N/A |   N/A | 100.0 | 297.6
               +-------+-------+-------+-------+-------+----------------------
